 Dungeon Crawl Stone Soup version 0.28-a0-969-g2dcde036d2 (webtiles) character file.

Game seed: 11471698931137888043

104 HessuHobo the Ducker (level 4, -1/45 HPs)
             Began as a Troll Fighter on Dec 1, 2021.
             Slain by Edmund (9 damage)
             ... on level 4 of the Dungeon.
             The game lasted 00:06:33 (3341 turns).

HessuHobo the Ducker (Troll Fighter)                Turns: 3341, Time: 00:06:34

Health: -1/45      AC:  5    Str: 26    XL:     4   Next: 52%
Magic:  3/3        EV:  8    Int:  4    God:
Gold:   70         SH:  7    Dex:  9    Spells: 3/3 levels left

rFire   . . .      SeeInvis .   p - +0 flail
rCold   . . .      Faith    .   b - +0 kite shield
rNeg    . . .      Spirit   .   s - +1 robe {Will+}
rPois   .          Reflect  .   (helmet restricted)
rElec   .          Harm     .   (no cloak)
rCorr   .          Rampage  .   (gloves unavailable)
Will    +....                   (boots unavailable)
Stlth   +.........              (no amulet)
HPRegen 0.95/turn               j - ring of fire
MPRegen 0.08/turn               l - ring of ice

@: no status effects
A: large, unfitting armour, claws 3, regeneration 1, shaggy fur 1, tough skin 1
a: no special abilities


You were on level 4 of the Dungeon.
You visited 1 branch of the dungeon, and saw 4 of its levels.

You collected 70 gold pieces.

Inventory:

Hand Weapons
 i - a +0 whip
 p - a +0 flail (weapon)
 r - a +2 antimagic war axe
Missiles
 k - 67 stones (quivered)
 o - 3 atropa-tipped darts
 t - 17 bolts
Armour
 a - a +0 robe
 b - a +0 kite shield (worn)
 s - a +1 robe of willpower (worn)
Jewellery
 g - a ring of see invisible
 j - a ring of fire (left claw)
 l - a ring of ice (right claw)
 m - a ring of positive energy
Wands
 u - a wand of digging (6)
Scrolls
 d - 2 scrolls of teleportation
 e - a scroll of silence {unknown}
 n - a scroll of noise {unknown}
Potions
 c - a potion of might
 f - 2 potions of resistance {unknown}
 q - 2 potions of lignification {unknown}


   Skills:
 + Level 3.2 Fighting
 + Level 1.1 Maces & Flails
 + Level 3.2 Dodging
 - Level 2.4 Shields
 - Level 2.7 Unarmed Combat


You had 3 spell levels left.
You didn't know any spells.
Your spell library contained the following spells:

 Spells                   Type           Power      Damage    Failure   Level
 Animate Skeleton         Necr           0%         N/A       93%         1
 Apportation              Tloc           0%         N/A       93%         1
 Pain                     Necr           0%         1d4       93%         1
 Blink                    Tloc           0%         N/A       98%         2
 Lesser Beckoning         Tloc           0%         N/A       100%        3
 Vampiric Draining        Necr           0%         2d6       100%        3
 Alistair's Intoxication  Tmut/Pois      0%         N/A       100%        5
 Manifold Assault         Tloc           0%         N/A       100%        5


Dungeon Overview and Level Annotations

Branches:
Dungeon (4/15)
 Temple: D:4-7

Altars:

Annotations:
D:4 Edmund


Innate Abilities, Weirdness & Mutations

You are too large for most types of armour.
You have claws for hands.
Your natural rate of healing is unusually fast.
You are covered in fur. (AC +1)
You have tough skin. (AC +1)


Message History

You block Edmund's attack.
You hit Edmund but do no damage.
Edmund is heavily wounded.
Edmund says, "I might not be good at magic, but I can still kill you!"
Edmund hits you with a +0 flail of protection.
You closely miss Edmund.
Edmund is heavily wounded.
Edmund hits you with a +0 flail of protection.
Edmund barely misses you.
You sock Edmund!
Edmund is severely wounded.
Edmund hits you with a +0 flail of protection!
* * * LOW HITPOINT WARNING * * *
You feel better.
Edmund hits you with a +0 flail of protection.
You barely miss Edmund.
Edmund is severely wounded.
You block Edmund's attack.
Edmund hits you with a +0 flail of protection.
You sock Edmund!
Edmund is almost dead.
You block Edmund's attack.
You hit Edmund but do no damage.
Edmund is almost dead.
Edmund hits you with a +0 flail of protection!
* * * LOW HITPOINT WARNING * * *
Edmund barely misses you.
You hit Edmund but do no damage.
Edmund is almost dead.
You block Edmund's attack.
You hit Edmund but do no damage.
Edmund is almost dead.
Edmund closely misses you.
Edmund hits you with a +0 flail of protection!
* * * LOW HITPOINT WARNING * * *
You hit Edmund.
Edmund is almost dead.
You block Edmund's attack.
Edmund hits you with a +0 flail of protection!
You die...

#.# #.# #.# #.#
#.# ####.#######
#.......#..# #
#.##.......#.#.#
#@#####.#.##.#.###
#..@(.##.#........
#####.##.####.#.#
#.........#
..#........####
..........>.....
....#........####
....#............
.................


You could see Edmund.

Vanquished Creatures
  3 adders
  4 worms
  A dart slug (D:1)
  8 ball pythons
  8 endoplasms
  4 giant cockroaches
  5 goblins
  3 hobgoblins
  2 quokkas (D:2)
  8 bats
  4 frilled lizards
  4 kobolds
  9 rats
63 creatures vanquished.

Notes
Turn   | Place    | Note
-------+----------+-------------------------------------------
     0 | D:1      | HessuHobo the Troll Fighter began the quest for the Orb.
     0 | D:1      | Reached XP level 1. HP: 22/22 MP: 0/0
   256 | D:1      | Reached XP level 2. HP: 29/29 MP: 1/1
  1193 | D:2      | Reached XP level 3. HP: 4/36 MP: 2/2
  1663 | D:2      | Found a faded altar of an unknown god.
  2366 | D:3      | Reached XP level 4. HP: 42/45 MP: 3/3
  3141 | D:3      | Reached skill level 1 in Maces & Flails
  3321 | D:4      | Noticed Edmund
  3341 | D:4      | Slain by Edmund

Illustrated notes

Levels and vault maps discovered:
D:1:      mainiacjoe_arrival_reflecting_pool, layout_loops_corners
D:2:      minmay_alternating_diamond, layout_loops_cross,
          chequers_ecumenical_altar_island, st_stairs_1,
          kennysheep_small_spiral, due_unseen_surprise
D:3:      layout_rooms
D:4:      kennysheep_spiral_hall, layout_basic, minmay_temple_entry_hall,
          minmay_pentangle, uniq_duvessa, uniq_pargi, uniq_edmund

Skill      XL: |  1  2  3  4 |
---------------+-------------+-----
Fighting       | 3 |  3.2
Dodging        | 3 |  3.2
Maces & Flails | 1 |  1.1
Shields        | |  2.4
Unarmed Combat | |  2.7

Action                   |  1- 3 |  4- 6 || total
-------------------------+-------+-------++-------
Melee: Unarmed           |    94 |       ||    94
       Whip              |    64 |    19 ||    83
       Flail             |       |    44 ||    44
Throw: Stone             |     4 |     6 ||    10
  Use: Scroll            |       |     1 ||     1
       Potion            |       |     1 ||     1
 Stab: Sleeping          |     1 |       ||     1
Armor: Robe              |    49 |    18 ||    67
Dodge: Dodged            |    51 |    18 ||    69
Block: Kite shield       |    57 |    23 ||    80

Table legend: (Time is in decaauts)
 A = Elapsed time spent in this place.
 B = Non-inter-level travel time spent in this place.
 C = Inter-level travel time spent in this place.
 D = Time resting spent in this place.
 E = Time spent auto-exploring this place.
 F = Levels seen in this place.
 G = Mean time per level.
                   A        B        C        D        E       F      G
               +--------+--------+--------+--------+--------+-----+--------+
         Total |   3415 |   3214 |    201 |    801 |   1697 |   4 |  853.8 |
       Dungeon |   3415 |   3214 |    201 |    801 |   1697 |   4 |  853.8 |
               +--------+--------+--------+--------+--------+-----+--------+

Top non-repeatable levels by time:
     D:2: 1264 daAuts
     D:1: 1134 daAuts
     D:3: 847 daAuts
     D:4: 169 daAuts
